New York Rangers vs St.Louis Blues
Created - Sunday, March 19, 2023 at 08:34
Goals
|
| New York Rangers |
0 |
2 |
1 |
3 |
| St.Louis Blues |
1 |
0 |
0 |
1 |
|
Shots
|
| New York Rangers |
18 |
15 |
3 |
36 |
| St.Louis Blues |
9 |
10 |
5 |
24 |
|
1st period
1. St.Louis Blues , Ondrej Kase 1 (Frederick Gaudreau 1, Morgan Rielly 3) at 15:28
Penalties :
Alex Tuch (STL) for Tripping (Minor) at 8:02, Danny DeKeyser (STL) for Tripping (Minor) at 19:14
2nd period
2. New York Rangers , Adam Larsson 1 (Andre Burakovsky 5, Blake Wheeler 3) at 7:57
3. New York Rangers , Pierre-Luc Dubois 3 (Nathan MacKinnon 5, Patrice Bergeron 4) at 8:07
Penalties :
Frederik Andersen (STL) for Delaying the game (Minor) at 0:36 - Colton Parayko served the penalty, Jack Eichel (STL) for Roughing (Minor) at 9:40
3rd period
4. New York Rangers , T.J. Oshie 1 (Cole Caufield 1, Conor Garland 4) at 6:17
Penalties :
Jimmy Vesey (STL) for Holding (Minor) at 1:20, Jake Guentzel (STL) for Hooking (Minor) at 6:20
Goalie Stats
Igor Shesterkin (NYR), 23 saves from 24 shots - (0.958), W, 3-1-2, 60:00 minutes
Frederik Andersen (STL), 33 saves from 36 shots - (0.917), L, 2-1-0, 60:00 minutes
Players Stats for New York Rangers
Player Name G A P +/- PIM S H SB GA TA FO MP PP MP PK MP
------------------------------------------------------------------------------------
Adam Larsson 1 0 1 0 0 1 0 0 0 1 0/0 14:45 0:00 0:00
Andre Burakovsky 0 1 1 1 0 3 4 0 0 0 0/1 18:05 5:21 0:00
Blake Wheeler 0 1 1 1 0 6 2 0 0 0 1/1 20:09 7:04 0:00
Cam Fowler 0 0 0 2 0 0 1 2 1 2 0/0 24:00 7:04 0:00
Cole Caufield 0 1 1 0 0 3 0 0 2 0 1/1 14:32 5:21 0:00
Conor Garland 0 1 1 0 0 0 1 0 1 0 0/1 9:18 0:00 0:00
David Kampf 0 0 0 0 0 5 0 0 1 0 4/7 12:06 0:07 0:00
Dmitry Kulikov 0 0 0 0 0 0 0 0 0 1 0/0 13:53 0:00 0:00
Eric Robinson 0 0 0 0 0 1 0 0 0 0 0/0 12:09 0:06 0:00
Jake McCabe 0 0 0 2 0 1 0 2 0 0 0/0 16:38 0:00 0:00
Mark Giordano 0 0 0 0 0 2 0 1 0 1 0/0 21:12 4:13 0:00
Matt Benning 0 0 0 0 0 0 0 1 0 1 0/0 14:22 0:00 0:00
Mikael Granlund 0 0 0 1 0 3 0 0 0 0 7/13 18:24 5:21 0:00
Nathan MacKinnon 0 1 1 1 0 4 0 0 0 0 1/1 20:47 5:50 0:00
Patrice Bergeron 0 1 1 1 0 2 0 0 0 0 15/21 20:37 5:49 0:00
Pierre-Luc Dubois 1 0 1 1 0 3 2 0 1 0 0/1 21:07 5:50 0:00
T.J. Oshie 1 0 1 0 0 2 3 1 0 1 0/3 15:47 4:13 0:00
Tyler Motte 0 0 0 0 0 0 0 0 1 0 0/1 12:09 0:06 0:00
Players Stats for St.Louis Blues
Player Name G A P +/- PIM S H SB GA TA FO MP PP MP PK MP
------------------------------------------------------------------------------------
Adam Pelech 0 0 0 0 0 0 1 4 0 0 0/0 19:08 0:00 6:16
Alex DeBrincat 0 0 0 -1 0 0 2 0 1 0 0/0 13:42 0:00 0:29
Alex Pietrangelo 0 0 0 -3 0 0 1 0 1 1 0/0 20:03 0:00 1:11
Alex Tuch 0 0 0 -1 2 2 0 0 0 0 0/3 17:39 0:00 2:08
Colton Parayko 0 0 0 -3 0 1 3 2 0 1 0/0 26:28 0:00 4:40
Danny DeKeyser 0 0 0 0 2 0 0 1 1 1 0/0 18:22 0:00 5:29
Elias Pettersson 0 0 0 -1 0 1 2 2 0 0 8/18 16:06 0:00 0:57
Evander Kane 0 0 0 -1 0 3 1 1 1 0 0/0 11:31 0:00 0:00
Frederick Gaudreau 0 1 1 1 0 1 0 1 0 0 4/12 14:22 0:00 6:38
Jack Eichel 0 0 0 -1 2 1 1 0 0 0 4/8 12:04 0:00 0:00
Jake Guentzel 0 0 0 -1 2 3 1 0 0 0 0/1 15:05 0:00 0:00
Jimmy Vesey 0 0 0 1 2 2 2 1 0 2 1/1 13:44 0:00 5:27
Joe Pavelski 0 0 0 -1 0 2 2 0 0 0 0/0 11:53 0:00 0:00
Jonas Brodin 0 0 0 1 0 1 0 2 0 0 0/0 20:39 0:00 5:00
Morgan Rielly 0 1 1 1 0 1 2 1 0 1 0/0 13:52 0:00 0:01
Ondrej Kase 1 0 1 1 0 5 1 0 2 0 0/0 12:47 0:00 3:03
Robert Thomas 0 0 0 -1 0 1 0 1 1 1 5/8 17:33 0:00 3:12
Tage Thompson 0 0 0 -1 0 0 3 0 0 0 0/0 13:03 0:00 0:00
3 Stars
1 - Pierre-Luc Dubois (NYR)
2 - T.J. Oshie (NYR)
3 - Igor Shesterkin (NYR)
Power Play
New York Rangers - 0 on 6 Attempt(s) - 0.00%
St.Louis Blues - 0 on 0 Attempt(s) - 0.00%
Penalty Kill
New York Rangers - 0 on 0 Attempt(s) - 0.00%
- Score 0 goal in Penalty Kill
St.Louis Blues - 6 on 6 Attempt(s) - 100.00%
- Score 0 goal in Penalty Kill
Team Stat
New York Rangers - Hits : 13 - Faceoff Wins : 29 - Blocked Shots : 7 - Penalty Minutes : 0
St.Louis Blues - Hits : 22 - Faceoff Wins : 22 - Blocked Shots : 16 - Penalty Minutes : 12
Official
Referees : Jon Mclsaac and Jacob Brenk
Linesman : Jonny Murray and Don Henderson
Game Notes
No Game Note
Finance
Level 1 -- Attendance: 5585 (93.08%) -- Ticket Income $541,745
Level 2 -- Attendance: 4954 (99.08%) -- Ticket Income $282,378
Level 3 -- Attendance: 2703 (90.10%) -- Ticket Income $91,902
Level 4 -- Attendance: 4637 (92.74%) -- Ticket Income $106,651
Luxury Box -- Attendance: 905 (90.50%) -- Ticket Income $175,570
Game was played at the Scottrade Center.
Total Attendance: 18784 (93.92%)
Total Ticket Income: $1,198,246
Other Income: $419,386
Total Income: $1,617,632
New York Rangers
5 vs 5 Forward
Center Left Wing Right Wing Time % Phy DF OF
1 Patrice Bergeron Pierre-Luc Dubois Nathan MacKinnon 40 0 1 4
2 Mikael Granlund Andre Burakovsky Blake Wheeler 30 1 1 3
3 T.J. Oshie Conor Garland Cole Caufield 20 1 2 2
4 David Kampf Eric Robinson Tyler Motte 10 1 3 1
5 vs 5 Defense
Defense Defense Time % Phy DF OF
1 Cam Fowler Jake McCabe 44 1 2 2
2 Mark Giordano Adam Larsson 33 1 3 1
3 Dmitry Kulikov Matt Benning 23 1 3 1
4 Cam Fowler Adam Larsson 0 1 2 2
PowerPlay Forward
Center Left Wing Right Wing Time % Phy DF OF
1 Patrice Bergeron Nathan MacKinnon Pierre-Luc Dubois 60 0 1 4
2 Mikael Granlund Cole Caufield Andre Burakovsky 40 0 1 4
PowerPlay Defense
Defense Defense Time % Phy DF OF
1 Cam Fowler Blake Wheeler 60 0 2 3
2 Mark Giordano T.J. Oshie 40 0 2 3
Penalty Kill 4 Players Forward
Center Wing Time % Phy DF OF
1 David Kampf Tyler Motte 60 1 3 1
2 Patrice Bergeron Eric Robinson 40 1 3 1
Penalty Kill 4 Players Defense
Defense Defense Time % Phy DF OF
1 Jake McCabe Cam Fowler 60 1 3 1
2 Matt Benning Adam Larsson 40 1 3 1
Penalty Kill - 3 Players Forward
Forward Time % Phy DF OF
1 David Kampf 60 1 4 0
2 Patrice Bergeron 40 1 4 0
Penalty Kill - 3 Players Defense
Defense Defense Time % Phy DF OF
1 Cam Fowler Jake McCabe 60 1 4 0
2 Matt Benning Adam Larsson 40 1 4 0
4 vs 4 Forward
Center Wing Time % Phy DF OF
1 Nathan MacKinnon Patrice Bergeron 60 1 2 2
2 Pierre-Luc Dubois Blake Wheeler 40 1 2 2
4 vs 4 Defense
Defense Defense Time % Phy DF OF
1 Cam Fowler Adam Larsson 60 1 2 2
2 Mark Giordano Jake McCabe 40 1 2 2
Last Minutes Offensive
Center Left Wing Right Wing Defense Defense
Patrice Bergeron Blake Wheeler Nathan MacKinnon Cam Fowler Mark Giordano
Last Minutes Defensive
Center Left Wing Right Wing Defense Defense
Patrice Bergeron David Kampf Mikael Granlund Cam Fowler Jake McCabe
Goaltenders
Starting : Igor Shesterkin
Backup : Tristan Jarry
Extra Forwards
Normal : Mikael Granlund, Andre Burakovsky, Conor Garland - PP : Mikael Granlund, Nathan MacKinnon - PK : Mikael Granlund
Extra Defensemen
Normal : Dmitry Kulikov, Matt Benning, Mark Giordano - PP : Dmitry Kulikov - PK : Matt Benning, Mark Giordano
Penalty Shots
T.J. Oshie, Mikael Granlund, Mark Giordano, Nathan MacKinnon, Cole Caufield
St.Louis Blues
5 vs 5 Forward
Center Left Wing Right Wing Time % Phy DF OF
1 Elias Pettersson Jake Guentzel Alex Tuch 40 0 2 3
2 Robert Thomas Alex DeBrincat Tage Thompson 30 1 2 2
3 Jack Eichel Evander Kane Joe Pavelski 20 0 2 3
4 Frederick Gaudreau Jimmy Vesey Ondrej Kase 10 1 3 1
5 vs 5 Defense
Defense Defense Time % Phy DF OF
1 Alex Pietrangelo Colton Parayko 40 1 2 2
2 Morgan Rielly Jonas Brodin 30 1 2 2
3 Danny DeKeyser Adam Pelech 20 1 2 2
4 Alex Pietrangelo Colton Parayko 10 1 2 2
PowerPlay Forward
Center Left Wing Right Wing Time % Phy DF OF
1 Joe Pavelski Alex Tuch Elias Pettersson 60 1 0 4
2 Robert Thomas Alex DeBrincat Evander Kane 40 1 0 4
PowerPlay Defense
Defense Defense Time % Phy DF OF
1 Morgan Rielly Jake Guentzel 60 0 1 4
2 Tage Thompson Alex Pietrangelo 40 0 1 4
Penalty Kill 4 Players Forward
Center Wing Time % Phy DF OF
1 Frederick Gaudreau Jimmy Vesey 60 1 4 0
2 Robert Thomas Ondrej Kase 40 1 4 0
Penalty Kill 4 Players Defense
Defense Defense Time % Phy DF OF
1 Adam Pelech Danny DeKeyser 60 2 3 0
2 Jonas Brodin Colton Parayko 40 2 3 0
Penalty Kill - 3 Players Forward
Forward Time % Phy DF OF
1 Frederick Gaudreau 60 0 5 0
2 Robert Thomas 40 0 5 0
Penalty Kill - 3 Players Defense
Defense Defense Time % Phy DF OF
1 Adam Pelech Danny DeKeyser 60 1 4 0
2 Jonas Brodin Colton Parayko 40 1 4 0
4 vs 4 Forward
Center Wing Time % Phy DF OF
1 Elias Pettersson Alex Tuch 60 0 2 3
2 Robert Thomas Jake Guentzel 40 0 2 3
4 vs 4 Defense
Defense Defense Time % Phy DF OF
1 Alex Pietrangelo Colton Parayko 60 0 3 2
2 Morgan Rielly Jonas Brodin 40 0 3 2
Last Minutes Offensive
Center Left Wing Right Wing Defense Defense
Robert Thomas Elias Pettersson Jake Guentzel Alex Tuch Morgan Rielly
Last Minutes Defensive
Center Left Wing Right Wing Defense Defense
Frederick Gaudreau Jimmy Vesey Ondrej Kase Adam Pelech Alex Pietrangelo
Goaltenders
Starting : Frederik Andersen
Backup : Scott Wedgewood
Extra Forwards
Normal : Tage Thompson, Evander Kane, Frederick Gaudreau - PP : Alex DeBrincat, Jack Eichel - PK : Alex Tuch
Extra Defensemen
Normal : Morgan Rielly, Adam Pelech, Colton Parayko - PP : Jonas Brodin - PK : Colton Parayko, Alex Pietrangelo
Penalty Shots
Alex DeBrincat, Joe Pavelski, Alex Tuch, Elias Pettersson, Robert Thomas
% Time on Ice - New York Rangers
Lines # - Real PCT - Wanted PCT - Time Play
Normal Forward
1 - 31% - 40% - 15:10
2 - 31% - 30% - 15:18
3 - 16% - 20% - 7:59
4 - 21% - 10% - 10:16
Normal Defense
1 - 38% - 44% - 18:32
2 - 35% - 33% - 16:50
3 - 27% - 23% - 13:21
4 - 0% - 0% - 0:00
PP Forward
1 - 53% - 60% - 5:56
2 - 47% - 40% - 5:21
PP Defense
1 - 63% - 60% - 7:04
2 - 37% - 40% - 4:13
PK Forward
1 - 0% - 60%
2 - 0% - 40%
PK Defense
1 - 0% - 60%
2 - 0% - 40%
PK3 Forward
1 - 0% - 60%
2 - 0% - 40%
PK3 Defense
1 - 0% - 60%
2 - 0% - 40%
44 Forward
1 - 0% - 60%
2 - 0% - 40%
44 Defense
1 - 0% - 60%
2 - 0% - 40%
Last Minute Offensive - 0:00
Last Minute Defensive - 0:00
Total
Forward - 60:00
Defense - 60:00
|
% Time on Ice - St.Louis Blues
Lines # - Real PCT - Wanted PCT - Time Play
Normal Forward
1 - 33% - 40% - 16:15
2 - 34% - 30% - 16:28
3 - 20% - 20% - 9:43
4 - 13% - 10% - 6:17
Normal Defense
1 - 37% - 40% - 17:56
2 - 33% - 30% - 16:09
3 - 27% - 20% - 13:01
4 - 3% - 10% - 1:37
PP Forward
1 - 0% - 60%
2 - 0% - 40%
PP Defense
1 - 0% - 60%
2 - 0% - 40%
PK Forward
1 - 71% - 60% - 7:34
2 - 29% - 40% - 3:06
PK Defense
1 - 54% - 60% - 5:45
2 - 46% - 40% - 4:55
PK3 Forward
1 - 84% - 60% - 0:31
2 - 16% - 40% - 0:06
PK3 Defense
1 - 84% - 60% - 0:31
2 - 16% - 40% - 0:06
44 Forward
1 - 0% - 60%
2 - 0% - 40%
44 Defense
1 - 0% - 60%
2 - 0% - 40%
Last Minute Offensive - 0:00
Last Minute Defensive - 0:00
Total
Forward - 60:00
Defense - 60:00
|
Play-by-Play
1st period
0:01 of 1st period - Patrice Bergeron wins face-off versus Elias Pettersson in neutral zone.
0:30 of 1st period - Snap shot by Mikael Granlund.
0:30 of 1st period - Stopped by Frederik Andersen with a rebound.
0:53 of 1st period - Wrist shot by Cole Caufield.
0:53 of 1st period - Stopped by Frederik Andersen without a rebound.
0:54 of 1st period - David Kampf wins face-off versus Frederick Gaudreau in St.Louis Blues zone.
1:01 of 1st period - Slapshot by David Kampf.
1:01 of 1st period - Stopped by Frederik Andersen with a rebound.
1:03 of 1st period - Slapshot by Matt Benning.
1:03 of 1st period - Shot Blocked by Jimmy Vesey.
1:21 of 1st period - Dmitry Kulikov is hit by Jake Guentzel.
1:45 of 1st period - Snap shot by Tage Thompson.
1:45 of 1st period - Shot Misses the Net.
2:07 of 1st period - Snap shot by Cole Caufield.
2:07 of 1st period - Stopped by Frederik Andersen without a rebound.
2:08 of 1st period - Jack Eichel wins face-off versus T.J. Oshie in St.Louis Blues zone.
2:35 of 1st period - Icing by Mark Giordano.
2:36 of 1st period - Robert Thomas wins face-off versus T.J. Oshie in New York Rangers zone.
3:14 of 1st period - Off-side.
3:15 of 1st period - Nathan MacKinnon wins face-off versus Elias Pettersson in neutral zone.
3:18 of 1st period - Wrist shot by Nathan MacKinnon.
3:18 of 1st period - Shot Misses the Net.
3:20 of 1st period - Slapshot by Jake McCabe.
3:20 of 1st period - Stopped by Frederik Andersen with a rebound.
3:26 of 1st period - Wrist shot by Nathan MacKinnon.
3:26 of 1st period - Stopped by Frederik Andersen with a rebound.
3:52 of 1st period - Wrist shot by Blake Wheeler.
3:52 of 1st period - Shot Misses the Net.
4:35 of 1st period - Pierre-Luc Dubois is hit by Tage Thompson and loses puck.
4:52 of 1st period - Wrist shot by Jake Guentzel.
4:52 of 1st period - Shot Misses the Net.
4:54 of 1st period - Snap shot by Adam Pelech.
4:54 of 1st period - Shot Blocked by Mark Giordano.
4:56 of 1st period - Backhand shot by Alex Tuch.
4:56 of 1st period - Stopped by Igor Shesterkin without a rebound.
4:57 of 1st period - David Kampf wins face-off versus Elias Pettersson in New York Rangers zone.
5:02 of 1st period - Slapshot by Eric Robinson.
5:02 of 1st period - Stopped by Frederik Andersen without a rebound.
5:03 of 1st period - Elias Pettersson wins face-off versus David Kampf in St.Louis Blues zone.
5:14 of 1st period - Snap shot by Jake Guentzel.
5:14 of 1st period - Shot Blocked by Cam Fowler.
5:16 of 1st period - Backhand shot by Colton Parayko.
5:16 of 1st period - Stopped by Igor Shesterkin without a rebound.
5:17 of 1st period - Elias Pettersson wins face-off versus Patrice Bergeron in New York Rangers zone.
5:59 of 1st period - Slapshot by Jack Eichel.
5:59 of 1st period - Stopped by Igor Shesterkin with a rebound.
6:01 of 1st period - Slapshot by Evander Kane.
6:01 of 1st period - Shot Blocked by Cam Fowler.
6:03 of 1st period - Snap shot by Morgan Rielly.
6:03 of 1st period - Deflect By Evander Kane.
6:03 of 1st period - Shot Misses the Net.
6:03 of 1st period - Puck is out of play.
6:04 of 1st period - Robert Thomas wins face-off versus Conor Garland in New York Rangers zone.
6:30 of 1st period - Nathan MacKinnon is hit by Colton Parayko and loses puck.
7:17 of 1st period - Tyler Motte is hit by Jimmy Vesey and loses puck.
8:00 of 1st period - Snap shot by Nathan MacKinnon.
8:00 of 1st period - Stopped by Frederik Andersen with a rebound.
8:02 of 1st period - Minor Penalty to Alex Tuch for Tripping.
8:03 of 1st period - Patrice Bergeron wins face-off versus Frederick Gaudreau in St.Louis Blues zone.
8:14 of 1st period - Wrist shot by Pierre-Luc Dubois.
8:14 of 1st period - Deflect By Danny DeKeyser.
8:14 of 1st period - Stopped by Frederik Andersen with a rebound.
8:38 of 1st period - Slapshot by Robert Thomas.
8:38 of 1st period - Stopped by Igor Shesterkin without a rebound.
8:39 of 1st period - Robert Thomas wins face-off versus Mikael Granlund in New York Rangers zone.
8:48 of 1st period - Snap shot by Andre Burakovsky.
8:48 of 1st period - Stopped by Frederik Andersen with a rebound.
8:50 of 1st period - Wrist shot by Andre Burakovsky.
8:50 of 1st period - Stopped by Frederik Andersen with a rebound.
8:52 of 1st period - Snap shot by Mikael Granlund.
8:52 of 1st period - Shot Blocked by Jonas Brodin.
8:54 of 1st period - Slapshot by T.J. Oshie.
8:54 of 1st period - Stopped by Frederik Andersen without a rebound.
8:55 of 1st period - Patrice Bergeron wins face-off versus Frederick Gaudreau in St.Louis Blues zone.
9:04 of 1st period - Slapshot by Nathan MacKinnon.
9:04 of 1st period - Shot Misses the Net.
9:06 of 1st period - Backhand shot by Patrice Bergeron.
9:06 of 1st period - Stopped by Frederik Andersen with a rebound.
9:08 of 1st period - Slapshot by Cam Fowler.
9:08 of 1st period - Shot Misses the Net.
9:28 of 1st period - Robert Thomas is hit by Andre Burakovsky and loses puck.
10:02 of 1st period - Penalty to Alex Tuch is over, Alex Tuch is back on ice.
10:39 of 1st period - Snap shot by Alex Tuch.
10:39 of 1st period - Deflect By Robert Thomas.
10:39 of 1st period - Shot Misses the Net.
10:39 of 1st period - Puck is out of play.
10:40 of 1st period - Jack Eichel wins face-off versus Mikael Granlund in New York Rangers zone.
10:53 of 1st period - Snap shot by Jack Eichel.
10:53 of 1st period - Shot Misses the Net.
11:19 of 1st period - Snap shot by Nathan MacKinnon.
11:19 of 1st period - Stopped by Frederik Andersen with a rebound.
11:31 of 1st period - Snap shot by Ondrej Kase.
11:31 of 1st period - Shot Blocked by Matt Benning.
11:43 of 1st period - Wrist shot by Cole Caufield.
11:43 of 1st period - Deflect By David Kampf.
11:43 of 1st period - Shot Blocked by Adam Pelech.
11:43 of 1st period - Puck is out of play.
11:44 of 1st period - David Kampf wins face-off versus Jake Guentzel in St.Louis Blues zone.
11:47 of 1st period - Snap shot by David Kampf.
11:47 of 1st period - Stopped by Frederik Andersen with a rebound.
11:49 of 1st period - Snap shot by Eric Robinson.
11:49 of 1st period - Shot Blocked by Elias Pettersson.
12:00 of 1st period - Wrist shot by Tyler Motte.
12:00 of 1st period - Shot Blocked by Adam Pelech.
12:19 of 1st period - Snap shot by Nathan MacKinnon.
12:19 of 1st period - Deflect By Pierre-Luc Dubois.
12:19 of 1st period - Stopped by Frederik Andersen without a rebound.
12:20 of 1st period - Mikael Granlund wins face-off versus Jack Eichel in St.Louis Blues zone.
12:21 of 1st period - Snap shot by Blake Wheeler.
12:21 of 1st period - Stopped by Frederik Andersen without a rebound.
12:22 of 1st period - Mikael Granlund wins face-off versus Jack Eichel in St.Louis Blues zone.
13:34 of 1st period - Icing by Andre Burakovsky.
13:35 of 1st period - Jimmy Vesey wins face-off versus Mikael Granlund in New York Rangers zone.
13:50 of 1st period - Blake Wheeler is hit by Ondrej Kase and loses puck.
14:13 of 1st period - Snap shot by Nathan MacKinnon.
14:13 of 1st period - Shot Misses the Net.
14:33 of 1st period - Snap shot by Jake Guentzel.
14:33 of 1st period - Stopped by Igor Shesterkin without a rebound.
14:34 of 1st period - Patrice Bergeron wins face-off versus Robert Thomas in New York Rangers zone.
14:41 of 1st period - Robert Thomas is hit by Pierre-Luc Dubois and loses puck.
15:05 of 1st period - Colton Parayko is hit by Blake Wheeler and loses puck.
15:28 of 1st period - Wrist shot by Ondrej Kase.
15:28 of 1st period - Goal by Ondrej Kase - New York Rangers : 0 - St.Louis Blues : 1.
15:29 of 1st period - Elias Pettersson wins face-off versus Patrice Bergeron in neutral zone.
15:38 of 1st period - Slapshot by Elias Pettersson.
15:38 of 1st period - Stopped by Igor Shesterkin without a rebound.
15:39 of 1st period - Elias Pettersson wins face-off versus Pierre-Luc Dubois in New York Rangers zone.
16:31 of 1st period - Slapshot by Patrice Bergeron.
16:31 of 1st period - Shot Misses the Net.
16:33 of 1st period - Wrist shot by Patrice Bergeron.
16:33 of 1st period - Stopped by Frederik Andersen without a rebound.
16:34 of 1st period - Robert Thomas wins face-off versus Mikael Granlund in St.Louis Blues zone.
17:22 of 1st period - Slapshot by Ondrej Kase.
17:22 of 1st period - Shot Misses the Net.
17:24 of 1st period - Wrist shot by Jimmy Vesey.
17:24 of 1st period - Stopped by Igor Shesterkin with a rebound.
17:58 of 1st period - Mark Giordano is hit by Joe Pavelski and loses puck.
18:29 of 1st period - Snap shot by Ondrej Kase.
18:29 of 1st period - Stopped by Igor Shesterkin without a rebound.
18:30 of 1st period - Frederick Gaudreau wins face-off versus Patrice Bergeron in New York Rangers zone.
19:14 of 1st period - Minor Penalty to Danny DeKeyser for Tripping.
19:15 of 1st period - Patrice Bergeron wins face-off versus Frederick Gaudreau in St.Louis Blues zone.
19:41 of 1st period - Jonas Brodin is hit by Andre Burakovsky and loses puck.
Goals for this period are 0 for New York Rangers vs 1 for St.Louis Blues.
Shots for this period are 18 for New York Rangers vs 9 for St.Louis Blues.
2nd period
0:01 of 2nd period - Patrice Bergeron wins face-off versus Frederick Gaudreau in neutral zone.
0:30 of 2nd period - Wrist shot by Cole Caufield.
0:30 of 2nd period - Shot Misses the Net.
0:32 of 2nd period - Slapshot by Mark Giordano.
0:32 of 2nd period - Stopped by Frederik Andersen with a rebound.
0:34 of 2nd period - Snap shot by Andre Burakovsky.
0:34 of 2nd period - Stopped by Frederik Andersen with a rebound.
0:36 of 2nd period - Slapshot by Mark Giordano.
0:36 of 2nd period - Stopped by Frederik Andersen without a rebound.
0:36 of 2nd period - Minor Penalty to Frederik Andersen for Delaying the game.
0:37 of 2nd period - Frederick Gaudreau wins face-off versus Patrice Bergeron in St.Louis Blues zone.
0:54 of 2nd period - Slapshot by Blake Wheeler.
0:54 of 2nd period - Shot Blocked by Adam Pelech.
1:14 of 2nd period - Penalty to Danny DeKeyser is over, Danny DeKeyser is back on ice.
1:26 of 2nd period - Adam Pelech is hit by Andre Burakovsky and loses puck.
2:36 of 2nd period - Penalty to Colton Parayko is over, Colton Parayko is back on ice.
2:37 of 2nd period - Icing by Ondrej Kase.
2:38 of 2nd period - Robert Thomas wins face-off versus Tyler Motte in St.Louis Blues zone.
3:05 of 2nd period - Tyler Motte is hit by Colton Parayko and loses puck.
3:18 of 2nd period - Slapshot by Ondrej Kase.
3:18 of 2nd period - Shot Misses the Net.
3:20 of 2nd period - Snap shot by Ondrej Kase.
3:20 of 2nd period - Shot Blocked by T.J. Oshie.
3:32 of 2nd period - Slapshot by Ondrej Kase.
3:32 of 2nd period - Deflect By Mark Giordano.
3:32 of 2nd period - Stopped by Igor Shesterkin with a rebound.
3:44 of 2nd period - Wrist shot by David Kampf.
3:44 of 2nd period - Stopped by Frederik Andersen with a rebound.
3:46 of 2nd period - Snap shot by Tyler Motte.
3:46 of 2nd period - Shot Misses the Net.
3:48 of 2nd period - Slapshot by Eric Robinson.
3:48 of 2nd period - Deflect By David Kampf.
3:48 of 2nd period - Stopped by Frederik Andersen without a rebound.
3:49 of 2nd period - Mikael Granlund wins face-off versus Elias Pettersson in St.Louis Blues zone.
4:16 of 2nd period - Evander Kane is hit by Cam Fowler and loses puck.
4:23 of 2nd period - Slapshot by Danny DeKeyser.
4:23 of 2nd period - Deflect By Evander Kane.
4:23 of 2nd period - Stopped by Igor Shesterkin with a rebound.
4:25 of 2nd period - Wrist shot by Jonas Brodin.
4:25 of 2nd period - Stopped by Igor Shesterkin with a rebound.
4:27 of 2nd period - Wrist shot by Evander Kane.
4:27 of 2nd period - Stopped by Igor Shesterkin without a rebound.
4:28 of 2nd period - Mikael Granlund wins face-off versus Jack Eichel in New York Rangers zone.
4:40 of 2nd period - Snap shot by Mikael Granlund.
4:40 of 2nd period - Stopped by Frederik Andersen with a rebound.
4:42 of 2nd period - Slapshot by Mikael Granlund.
4:42 of 2nd period - Shot Hit the Post.
4:44 of 2nd period - Snap shot by Blake Wheeler.
4:44 of 2nd period - Stopped by Frederik Andersen without a rebound.
4:45 of 2nd period - Elias Pettersson wins face-off versus Patrice Bergeron in St.Louis Blues zone.
4:52 of 2nd period - Wrist shot by Jake Guentzel.
4:52 of 2nd period - Stopped by Igor Shesterkin with a rebound.
5:33 of 2nd period - Snap shot by Nathan MacKinnon.
5:33 of 2nd period - Shot Misses the Net.
5:35 of 2nd period - Backhand shot by Pierre-Luc Dubois.
5:35 of 2nd period - Deflect By Patrice Bergeron.
5:35 of 2nd period - Shot Blocked by Robert Thomas.
5:35 of 2nd period - Puck is out of play.
5:36 of 2nd period - Mikael Granlund wins face-off versus Jack Eichel in St.Louis Blues zone.
5:51 of 2nd period - Slapshot by Joe Pavelski.
5:51 of 2nd period - Deflect By Evander Kane.
5:51 of 2nd period - Stopped by Igor Shesterkin with a rebound.
5:53 of 2nd period - Backhand shot by Joe Pavelski.
5:53 of 2nd period - Shot Misses the Net.
6:03 of 2nd period - Elias Pettersson is hit by Conor Garland.
6:25 of 2nd period - Snap shot by Ondrej Kase.
6:25 of 2nd period - Stopped by Igor Shesterkin without a rebound.
6:26 of 2nd period - Frederick Gaudreau wins face-off versus Mikael Granlund in New York Rangers zone.
6:35 of 2nd period - Wrist shot by Ondrej Kase.
6:35 of 2nd period - Stopped by Igor Shesterkin with a rebound.
6:53 of 2nd period - Pierre-Luc Dubois is hit by Elias Pettersson and loses puck.
7:01 of 2nd period - Off-side.
7:02 of 2nd period - Elias Pettersson wins face-off versus T.J. Oshie in neutral zone.
7:28 of 2nd period - Adam Larsson is hit by Morgan Rielly and loses puck.
7:51 of 2nd period - Snap shot by Mikael Granlund.
7:51 of 2nd period - Shot Misses the Net.
7:53 of 2nd period - Slapshot by Blake Wheeler.
7:53 of 2nd period - Shot Misses the Net.
7:55 of 2nd period - Slapshot by Andre Burakovsky.
7:55 of 2nd period - Shot Blocked by Evander Kane.
7:57 of 2nd period - Slapshot by Adam Larsson.
7:57 of 2nd period - Goal by Adam Larsson - New York Rangers : 1 - St.Louis Blues : 1.
7:58 of 2nd period - Patrice Bergeron wins face-off versus Elias Pettersson in neutral zone.
8:03 of 2nd period - Snap shot by Pierre-Luc Dubois.
8:03 of 2nd period - Shot Blocked by Elias Pettersson.
8:05 of 2nd period - Snap shot by Pierre-Luc Dubois.
8:05 of 2nd period - Shot Misses the Net.
8:07 of 2nd period - Snap shot by Pierre-Luc Dubois.
8:07 of 2nd period - Goal by Pierre-Luc Dubois - New York Rangers : 2 - St.Louis Blues : 1.
8:08 of 2nd period - Mikael Granlund wins face-off versus Elias Pettersson in neutral zone.
8:42 of 2nd period - Jake Guentzel is hit by T.J. Oshie and loses puck.
9:19 of 2nd period - Wrist shot by David Kampf.
9:19 of 2nd period - Stopped by Frederik Andersen without a rebound.
9:20 of 2nd period - Jack Eichel wins face-off versus David Kampf in St.Louis Blues zone.
9:40 of 2nd period - Minor Penalty to Jack Eichel for Roughing.
9:41 of 2nd period - Patrice Bergeron wins face-off versus Frederick Gaudreau in St.Louis Blues zone.
9:55 of 2nd period - Snap shot by Nathan MacKinnon.
9:55 of 2nd period - Stopped by Frederik Andersen with a rebound.
11:35 of 2nd period - T.J. Oshie is hit by Alex DeBrincat and loses puck.
11:40 of 2nd period - Penalty to Jack Eichel is over, Jack Eichel is back on ice.
12:02 of 2nd period - Wrist shot by Eric Robinson.
12:02 of 2nd period - Shot Misses the Net.
13:01 of 2nd period - Blake Wheeler is hit by Jimmy Vesey.
14:42 of 2nd period - Jake McCabe is hit by Evander Kane and loses puck.
14:57 of 2nd period - T.J. Oshie is hit by Elias Pettersson and loses puck.
16:23 of 2nd period - Pierre-Luc Dubois is hit by Adam Pelech and loses puck.
16:46 of 2nd period - David Kampf is hit by Alex Pietrangelo and loses puck.
16:59 of 2nd period - Morgan Rielly is hit by Andre Burakovsky and loses puck.
17:14 of 2nd period - Cole Caufield is hit by Morgan Rielly and loses puck.
18:10 of 2nd period - Icing by Joe Pavelski.
18:11 of 2nd period - Jack Eichel wins face-off versus David Kampf in St.Louis Blues zone.
18:18 of 2nd period - Slapshot by Morgan Rielly.
18:18 of 2nd period - Stopped by Igor Shesterkin without a rebound.
18:19 of 2nd period - Patrice Bergeron wins face-off versus Elias Pettersson in New York Rangers zone.
18:45 of 2nd period - Andre Burakovsky is hit by Jack Eichel and loses puck.
18:56 of 2nd period - Snap shot by Joe Pavelski.
18:56 of 2nd period - Stopped by Igor Shesterkin with a rebound.
19:22 of 2nd period - Snap shot by Mikael Granlund.
19:22 of 2nd period - Shot Blocked by Danny DeKeyser.
19:24 of 2nd period - Slapshot by Adam Larsson.
19:24 of 2nd period - Shot Misses the Net.
19:32 of 2nd period - Snap shot by Blake Wheeler.
19:32 of 2nd period - Stopped by Frederik Andersen with a rebound.
19:34 of 2nd period - Slapshot by Adam Larsson.
19:34 of 2nd period - Shot Blocked by Adam Pelech.
19:36 of 2nd period - Snap shot by Blake Wheeler.
19:36 of 2nd period - Stopped by Frederik Andersen with a rebound.
19:38 of 2nd period - Wrist shot by Andre Burakovsky.
19:38 of 2nd period - Shot Misses the Net.
19:40 of 2nd period - Snap shot by Mikael Granlund.
19:40 of 2nd period - Stopped by Frederik Andersen with a rebound.
19:42 of 2nd period - Slapshot by Blake Wheeler.
19:42 of 2nd period - Stopped by Frederik Andersen without a rebound.
19:43 of 2nd period - Patrice Bergeron wins face-off versus Elias Pettersson in St.Louis Blues zone.
Goals for this period are 2 for New York Rangers vs 0 for St.Louis Blues.
Shots for this period are 15 for New York Rangers vs 10 for St.Louis Blues.
3rd period
0:01 of 3rd period - Patrice Bergeron wins face-off versus Elias Pettersson in neutral zone.
0:34 of 3rd period - Wrist shot by Andre Burakovsky.
0:34 of 3rd period - Shot Misses the Net.
1:07 of 3rd period - Off-side.
1:08 of 3rd period - David Kampf wins face-off versus Frederick Gaudreau in neutral zone.
1:20 of 3rd period - Minor Penalty to Jimmy Vesey for Holding.
1:21 of 3rd period - Patrice Bergeron wins face-off versus Alex Tuch in St.Louis Blues zone.
1:58 of 3rd period - Wrist shot by Cole Caufield.
1:58 of 3rd period - Shot Blocked by Frederick Gaudreau.
3:20 of 3rd period - Penalty to Jimmy Vesey is over, Jimmy Vesey is back on ice.
3:21 of 3rd period - Jonas Brodin is hit by T.J. Oshie and loses puck.
5:04 of 3rd period - Wrist shot by Nathan MacKinnon.
5:04 of 3rd period - Shot Misses the Net.
5:14 of 3rd period - Jake Guentzel is hit by Pierre-Luc Dubois and loses puck.
5:35 of 3rd period - Snap shot by Nathan MacKinnon.
5:35 of 3rd period - Deflect By Pierre-Luc Dubois.
5:35 of 3rd period - Shot Blocked by Morgan Rielly.
5:35 of 3rd period - Puck is out of play.
5:36 of 3rd period - Frederick Gaudreau wins face-off versus Mikael Granlund in St.Louis Blues zone.
5:45 of 3rd period - Wrist shot by Jimmy Vesey.
5:45 of 3rd period - Deflect By Frederick Gaudreau.
5:45 of 3rd period - Stopped by Igor Shesterkin without a rebound.
5:46 of 3rd period - Elias Pettersson wins face-off versus Andre Burakovsky in New York Rangers zone.
5:47 of 3rd period - Snap shot by Alex Tuch.
5:47 of 3rd period - Deflect By Cam Fowler.
5:47 of 3rd period - Stopped by Igor Shesterkin without a rebound.
5:48 of 3rd period - Blake Wheeler wins face-off versus Alex Tuch in New York Rangers zone.
6:05 of 3rd period - Snap shot by Andre Burakovsky.
6:05 of 3rd period - Deflect By Blake Wheeler.
6:05 of 3rd period - Stopped by Frederik Andersen without a rebound.
6:06 of 3rd period - Cole Caufield wins face-off versus Robert Thomas in St.Louis Blues zone.
6:09 of 3rd period - Snap shot by Cole Caufield.
6:09 of 3rd period - Stopped by Frederik Andersen with a rebound.
6:11 of 3rd period - Snap shot by Conor Garland.
6:11 of 3rd period - Shot Blocked by Colton Parayko.
6:17 of 3rd period - Wrist shot by T.J. Oshie.
6:17 of 3rd period - Goal by T.J. Oshie - New York Rangers : 3 - St.Louis Blues : 1.
6:18 of 3rd period - Elias Pettersson wins face-off versus Patrice Bergeron in neutral zone.
6:20 of 3rd period - Minor Penalty to Jake Guentzel for Hooking.
6:21 of 3rd period - Patrice Bergeron wins face-off versus Frederick Gaudreau in St.Louis Blues zone.
6:21 of 3rd period - Slapshot by Pierre-Luc Dubois.
6:21 of 3rd period - Shot Misses the Net.
6:47 of 3rd period - Danny DeKeyser is hit by Blake Wheeler and loses puck.
7:08 of 3rd period - Snap shot by Jimmy Vesey.
7:08 of 3rd period - Stopped by Igor Shesterkin without a rebound.
7:09 of 3rd period - Patrice Bergeron wins face-off versus Robert Thomas in New York Rangers zone.
8:13 of 3rd period - Icing by Andre Burakovsky.
8:14 of 3rd period - Mikael Granlund wins face-off versus Alex Tuch in New York Rangers zone.
8:20 of 3rd period - Penalty to Jake Guentzel is over, Jake Guentzel is back on ice.
9:17 of 3rd period - Dmitry Kulikov is hit by Tage Thompson and loses puck.
10:17 of 3rd period - Dmitry Kulikov is hit by Tage Thompson and loses puck.
10:42 of 3rd period - Wrist shot by David Kampf.
10:42 of 3rd period - Shot Blocked by Colton Parayko.
11:15 of 3rd period - Eric Robinson is hit by Colton Parayko and loses puck.
11:28 of 3rd period - Snap shot by David Kampf.
11:28 of 3rd period - Shot Misses the Net.
11:30 of 3rd period - Snap shot by Eric Robinson.
11:30 of 3rd period - Shot Blocked by Jonas Brodin.
11:32 of 3rd period - Snap shot by Eric Robinson.
11:32 of 3rd period - Shot Misses the Net.
11:49 of 3rd period - Off-side.
11:50 of 3rd period - Patrice Bergeron wins face-off versus Elias Pettersson in neutral zone.
12:05 of 3rd period - Wrist shot by Elias Pettersson.
12:05 of 3rd period - Shot Blocked by Jake McCabe.
12:17 of 3rd period - Mikael Granlund is hit by Joe Pavelski and loses puck.
13:18 of 3rd period - Wrist shot by Joe Pavelski.
13:18 of 3rd period - Stopped by Igor Shesterkin with a rebound.
13:20 of 3rd period - Snap shot by Jack Eichel.
13:20 of 3rd period - Shot Blocked by Jake McCabe.
14:21 of 3rd period - Wrist shot by Jake Guentzel.
14:21 of 3rd period - Stopped by Igor Shesterkin with a rebound.
15:38 of 3rd period - Adam Pelech is hit by T.J. Oshie.
19:35 of 3rd period - Matt Benning is hit by Alex DeBrincat and loses puck.
Goals for this period are 1 for New York Rangers vs 0 for St.Louis Blues.
Shots for this period are 3 for New York Rangers vs 5 for St.Louis Blues.
Back to the Top